 Dungeon Crawl Stone Soup version 0.23-a0-183-gf37f6fb (webtiles) character file.

256 iamserjio the Insei (level 5, -6/41 HPs)
             Began as a Draconian Wanderer on Sept 22, 2018.
             Splashed by a jelly's acid (9 damage)
             ... on level 3 of the Dungeon.
             The game lasted 00:05:13 (3136 turns).

iamserjio the Insei (Draconian Wanderer)            Turns: 3136, Time: 00:05:13

Health: -6/41      AC:  1    Str: 13    XL:     5   Next: 92%
Magic:  5/5        EV: 11    Int: 12    God:
Gold:   159        SH:  0    Dex: 13    Spells: 4/4 levels left

rFire    . . .     SeeInvis .     - Unarmed
rCold    . . .     Gourm    .   (no shield)
rNeg     . . .     Faith    .   (armour unavailable)
rPois    .         Spirit   .   (helmet restricted)
rElec    .         Reflect  .   (no cloak)
rCorr    .         Harm     .   (no gloves)
MR       .....                  (no boots)
Stlth    ++........             (no amulet)
HPRegen  0.13/turn              (no ring)
MPRegen  0.09/turn              (no ring)

@: corroded
A: unfitting armour, cold-blooded, AC +5
a: no special abilities


You were on level 3 of the Dungeon.
You were very hungry.

You visited 1 branch of the dungeon, and saw 3 of its levels.

You collected 159 gold pieces.

Inventory:

Hand Weapons
 a - a +2 dagger
 g - a +0 hunting sling
 p - a +0 hunting sling
 w - a +0 blowgun
 x - a cursed -1 dagger
Missiles
 k - 5 tomahawks (quivered)
 q - 13 stones
 r - 22 sling bullets
Jewellery
 e - an uncursed ring of resist corrosion {unknown}
 h - an uncursed amulet of regeneration {unknown}
 j - an uncursed ring of protection from fire {unknown}
 v - an uncursed ring of protection from magic {unknown}
Scrolls
 c - 2 scrolls of identify {unknown}
 m - a scroll of enchant armour {unknown}
 n - a scroll of fog {unknown}
 o - 2 scrolls of remove curse {unknown}
 s - a scroll of amnesia {unknown}
Potions
 b - a potion of mutation {unknown}
 i - a potion of flight {unknown}
 l - a potion of berserk rage
 t - a potion of brilliance {unknown}
 u - a potion of curing {unknown}
Comestibles
 f - 8 rations


   Skills:
 - Level 2.1 Fighting
   Level 3.0 Maces & Flails
 - Level 1.7 Stealth
 * Level 5.8 Unarmed Combat
   Level 3.0 Air Magic


You had 4 spell levels left.
You didn't know any spells.
Your spell library contained the following spells:

 Spells                   Type           Power        Failure   Level  Hunger
 Poisonous Vapours        Pois/Air       #.....       26%         2    ###....
 Swiftness                Chrm/Air       #.......     26%         2    ###....
 Beastly Appendage        Tmut           #.....       32%         1    ##.....
 Ignite Poison            Fire/Tmut/Pois #.......     69%         3    ####...


Dungeon Overview and Level Annotations

Branches:
Dungeon (3/15)

Altars:
Fedhas
Gozag


Innate Abilities, Weirdness & Mutations

Your plain brown scales are hard. (AC +5)
You cannot fit into any form of body armour.
You are cold-blooded and may be slowed by cold attacks.


Message History

No target in view!
You start resting.
The jelly is too close now for your liking.
A jelly is nearby!
You punch the jelly!
Your hands burn!
You tail-slap the jelly. The jelly hits you. The acid corrodes you!
You are splashed with acid!
The acid burns!
You hit the jelly.
Your hands burn!
* * * LOW HITPOINT WARNING * * *
The jelly closely misses you.
You hit the jelly but do no damage.
Your hands burn!
* * * LOW HITPOINT WARNING * * *
Your tail-slap misses the jelly.
The jelly misses you.
You hit the jelly but do no damage.
Your hands burn!
* * * LOW HITPOINT WARNING * * *
The jelly hits you.
* * * LOW HITPOINT WARNING * * *
You are splashed with acid!
The acid burns!
You die...

##..).÷###.............
#...)÷(.###....#.....##
#.......# ####....##..#
#.......# ###...##..
#.......# ##..###.
####....# #..# #.
##.......# ### ##.###.
#.########
#.######..##.
##...).@##
#..........#. #######J#
#######......
.P...J...# #......
.P......÷# #......
..÷..J..÷# #####......
.PJP.P÷P.# #...)......
÷P...J...####.###......
(........##...# ####.>.
###########.#######....


You could see a jelly.

Vanquished Creatures
  3 jellies (D:3)
  Terence (D:2)
  A gnoll (D:1)
  An adder (D:2)
  8 oozes (D:3)
  A worm (D:2)
  A leopard gecko (D:2)
  A ball python (D:2)
  11 bats
  7 giant cockroaches
  9 hobgoblins
  4 jackals
  2 quokkas (D:3)
  5 frilled lizards
  7 goblins
  12 kobolds
  8 rats
82 creatures vanquished.

Vanquished Creatures (others)
  7 fungi (D:3)
  3 toadstools (D:3)
10 creatures vanquished.

Grand Total: 92 creatures vanquished

Notes
Turn   | Place    | Note
-------+----------+-------------------------------------------
     0 | D:1      | iamserjio the Draconian Wanderer began the quest for the
                  | Orb.
     0 | D:1      | iamserjio set off with: a +2 dagger, a potion of berserk
                  | rage, a ration
     0 | D:1      | Reached XP level 1. HP: 17/17 MP: 1/1
    52 | D:1      | Reached skill level 1 in Unarmed Combat
    91 | D:1      | Reached XP level 2. HP: 14/24 MP: 2/2
   247 | D:1      | Reached skill level 2 in Unarmed Combat
   744 | D:1      | Reached XP level 3. HP: 27/29 MP: 3/3
  1042 | D:1      | Reached skill level 3 in Unarmed Combat
  1102 | D:2      | Noticed Terence
  1117 | D:2      | Killed Terence
  1159 | D:2      | Reached XP level 4. HP: 33/36 MP: 4/4
  1241 | D:2      | Found an opulent altar of Gozag.
  1301 | D:2      | Reached skill level 4 in Unarmed Combat
  1900 | D:2      | Found an opulent altar of Gozag.
  2046 | D:2      | Found a blossoming altar of Fedhas.
  2264 | D:3      | Reached XP level 5. HP: 31/41 MP: 5/5
  2656 | D:3      | Reached skill level 5 in Unarmed Combat
  3136 | D:3      | Splashed by a jelly's acid

Vault maps used:
D:1:      tarquinn_simple_flora_water_e
D:2:      lemuel_coloured_pillars_altar, fedhas_altar_3,
          nicolae_gozag_seed_capital, uniq_terence
D:3:      cheibrodos_fertilizer, nicolae_overflow_hidden_temple

Skill      XL: |  1  2  3  4  5 |
---------------+----------------+-----
Unarmed Combat | 1 2 3 4 5 |  5.8
Fighting       | |  2.1
Maces & Flails | |  3.0
Stealth        | |  1.7
Air Magic      | |  3.0

Action                   |  1- 3 |  4- 6 || total
-------------------------+-------+-------++-------
Melee: Dagger            |    80 |       ||    80
       Tailslap          |    11 |    20 ||    31
       Punch             |     1 |     5 ||     6
       Unarmed           |    10 |   167 ||   177
  Use: Potion            |     1 |       ||     1
 Stab: Sleeping          |     4 |     4 ||     8
  Eat: Chunk             |     1 |     5 ||     6
Armor: Skin              |    30 |    58 ||    88
Dodge: Dodged            |    49 |   105 ||   154

Table legend:
 A = Non-vault XP
 B = Vault XP
 C = Vault XP percentage of total XP
 D = Non-vault monster count
 E = Vault monster count
 F = Vault count percentage of total count
                 A         B        C        D         E       F
            +---------+---------+-------+---------+---------+-------
      Total |     177 |     190 |  51.8 |      64 |      18 |  22.0
            +---------+---------+-------+---------+---------+-------
        D:1 |      54 |       0 |   0.0 |      26 |       0 |   0.0
        D:2 |      53 |      36 |  40.4 |      24 |       1 |   4.0
        D:3 |      70 |     154 |  68.8 |      14 |      17 |  54.8
            +---------+---------+-------+---------+---------+-------
